 Dungeon Crawl Stone Soup version 0.18-b1-22-ge198996 (webtiles) character file.

357 Chiseanne the Magician (level 6, 0/41 HPs)
             Began as a Demonspawn Wizard on May 4, 2016.
             Killed by nerve-wracking pain
             ... invoked by Grinder
              (8 damage)
             ... on level 3 of the Dungeon.
             The game lasted 00:12:28 (3677 turns).

Chiseanne the Magician (Demonspawn Wizard)          Turns: 3677, Time: 00:12:29

Health: 0/41       AC:  6    Str:  7    XL:     6   Next: 36%
Magic:  0/13       EV: 12    Int: 21    God:
Gold:   122        SH:  0    Dex: 12    Spells: 5 memorised, 4 levels left

rFire  . . .     SeeInvis .     w - +0 hunting sling
rCold  . . .     Gourm    .     n - +0 robe
rNeg   . . .     Faith    .     (no shield)
rPois  +         Spirit   +     q - +0 helmet
rElec  .         Dismiss  .     (no cloak)
rCorr  .         Reflect  .     i - +2 pair of gloves {archery}
SustAt .         Harm     .     (no boots)
MR     .....                    (no amulet)
Stlth  ++........               p - ring of wizardry
                                o - ring of poison resistance

@: not resistant to hostile enchantments, unstealthy
A: powered by death 1, magic shield, magic regeneration, sturdy frame 1
a: no special abilities


You were on level 3 of the Dungeon.
You were not hungry.

You visited 1 branch of the dungeon, and saw 3 of its levels.

You collected 122 gold pieces.

Inventory:

Hand Weapons
 a - a +0 short sword
 w - a +0 hunting sling (weapon)
Missiles
 f - 22 bolts
 h - 33 arrows
 l - 108 stones (quivered)
Armour
 i - a +2 pair of gloves of archery (worn)
 n - a +0 robe (worn)
 q - a +0 helmet (worn)
Jewellery
 o - a ring of poison resistance (left hand)
 p - a ring of wizardry (right hand)
Scrolls
 k - 2 scrolls of magic mapping
Potions
 e - a potion of invisibility {unknown}
 g - a potion of curing
 m - a potion of lignification
 s - a potion of magic {unknown}
Books
 c - a book of Minor Magic

   Spells                             Type                      Level
   a - Magic Dart                     Conjuration                  1
   b - Blink                          Translocation                2
   c - Call Imp                       Summoning                    2
   d - Repel Missiles                 Charms/Air                   2
   e - Slow                           Hexes                        2
   f - Conjure Flame                  Conjuration/Fire             3
   g - Mephitic Cloud                 Conjuration/Poison/Air       3
Comestibles
 b - 2 chunks of flesh
 d - 3 bread rations
 j - a meat ration


   Skills:
 + Level 1.8 Slings
 - Level 1.7 Dodging
 - Level 1.7 Stealth
 - Level 5.0 Spellcasting
 - Level 4.2 Conjurations
   Level 1.0 Summonings
 - Level 0.8 Translocations


You had 4 spell levels left.
You knew the following spells:

 Your Spells              Type           Power        Failure   Level  Hunger
a - Magic Dart            Conj           ###.         1%          1    None
b - Blink                 Tloc           N/A          4%          2    None
c - Repel Missiles        Chrm/Air       #.....       7%          2    None
d - Mephitic Cloud        Conj/Pois/Air  ##......     9%          3    ##.....
e - Conjure Flame         Conj/Fire      ##......     7%          3    ##.....


Dungeon Overview and Level Annotations

Branches:
Dungeon (3/15)

Altars:
Elyvilon
Fedhas
Pakellas
Qazlal
Trog
Zin
The Shining One

Annotations:
D:3 Grinder


Innate Abilities, Weirdness & Mutations

You regenerate a little health from kills.
When hurt, damage is shared between your health and your magic reserves.
You regenerate magic rapidly.
Your movements are slightly less encumbered by armour (ER -2).


Message History

Grinder hits you!
* * * LOW HITPOINT WARNING * * *
You writhe in agony. x2
Grinder hits you.
* * * LOW HITPOINT WARNING * * *
You writhe in agony.
* * * LOW HITPOINT WARNING * * *
Grinder blinks!
Grinder gestures at you.
You shrug off the repeated paralysis!
You can move again.
Firing (i - inventory):
l - 109 stones (quivered)
Press: ? - help, Shift-Dir - straight line, f/p - Grinder
Aim: Grinder (almost dead)
You shoot a stone.
The stone hits Grinder but does no damage.
Grinder is almost dead.
Grinder gestures at you. Pain shoots through your body!
You die...

# #.##...## ##. .# ####.###### #.
.# #........# #. # #.# #.##.###.#
##+ ## #.### #.##.# #.# ##.. .##
###.#.## #.#..# #.# ##... ..##
##.#....# #(#.##.#.# ##....
...####...##.####.#.#....###.....
...'.....)รท..5).@..........'<....
...####...#.)####(.......###.....
..## ##.##.## #(#.##.### ##....
.## ####.# #(#.##.# ##... ## #.#
#.#.##.# ##.. # #.# #(#.... ##+
#.# #(#### #.# #.. #. ##


You could see Grinder.

Vanquished Creatures
  Sigmund (D:3)
  An orc priest (D:3)
  Robin (D:3)
  4 adders
  4 worms
  6 dart slugs
  2 giant geckos
  10 orcs (D:3)
  A ball python (D:2)
  4 bats
  6 giant cockroaches
  19 goblins
  7 hobgoblins
  2 jackals (D:3)
  9 kobolds
  A quokka (D:3)
  2 giant newts
  4 rats
84 creatures vanquished.

Notes
Turn   | Place    | Note
--------------------------------------------------------------
     0 | D:1      | Chiseanne the Demonspawn Wizard began the quest for the Orb.
     0 | D:1      | Reached XP level 1. HP: 13/13 MP: 4/4
   356 | D:1      | Gained mutation: When hurt, damage is shared between your health and your magic reserves. [demonic ancestry]
   356 | D:1      | Reached XP level 2. HP: 19/19 MP: 3/6
  1005 | D:1      | Gained mutation: You regenerate a little health from kills. [demonic ancestry]
  1005 | D:1      | Reached XP level 3. HP: 24/24 MP: 0/8
  1337 | D:1      | Learned a level 2 spell: Blink
  1340 | D:1      | Learned a level 2 spell: Repel Missiles
  1344 | D:1      | Learned a level 3 spell: Mephitic Cloud
  1513 | D:2      | Found a stormy altar of Qazlal.
  2043 | D:2      | Reached XP level 4. HP: 29/30 MP: 5/9
  2055 | D:2      | Found a bloodstained altar of Trog.
  2078 | D:2      | Found an oddly glowing altar of Pakellas.
  2169 | D:2      | Found a blossoming altar of Fedhas.
  2369 | D:3      | Reached skill level 4 in Spellcasting
  2509 | D:3      | Learned a level 3 spell: Conjure Flame
  2756 | D:3      | Noticed Robin
  2762 | D:3      | Killed Robin
  2925 | D:3      | Noticed Sigmund
  3051 | D:3      | Killed Sigmund
  3051 | D:3      | Reached skill level 5 in Spellcasting
  3051 | D:3      | Gained mutation: You regenerate magic rapidly. [demonic ancestry]
  3051 | D:3      | Reached XP level 5. HP: 30/35 MP: 1/12
  3051 | D:3      | Gained mutation: Your movements are slightly less encumbered by armour (ER -2). [demonic ancestry]
  3051 | D:3      | Reached XP level 6. HP: 36/41 MP: 1/13
  3304 | D:3      | Found a white marble altar of Elyvilon.
  3304 | D:3      | Found a glowing golden altar of the Shining One.
  3305 | D:3      | Found a glowing silver altar of Zin.
  3431 | D:3      | Reached skill level 1 in Slings
  3438 | D:3      | Noticed Grinder
  3670 | D:3      | Paralysed by Grinder for 7 turns
  3677 | D:3      | Killed from afar by Grinder

Skill      XL: |  1  2  3  4  5  6 |
---------------+-------------------+-----
Conjurations   | 2 4 |  4.2
Spellcasting   | 5 |  5.0
Slings         | 1 |  1.8
Dodging        | |  1.7
Stealth        | |  1.7
Summonings     | |  1.0
Translocations | |  0.8

Action                   |  1- 3 |  4- 6 || total
-------------------------+-------+-------++-------
Melee: Unarmed           |    12 |       ||    12
       Short sword       |    18 |    39 ||    57
 Fire: Hunting sling     |       |    55 ||    55
 Cast: Magic Dart        |    89 |    83 ||   172
       Mephitic Cloud    |     1 |     7 ||     8
       Repel Missiles    |       |     2 ||     2
       Conjure Flame     |       |     2 ||     2
  Use: Scroll            |     6 |     3 ||     9
  Eat: Chunk             |     3 |     6 ||     9
Armor: Robe              |     8 |    12 ||    20
Dodge: Dodged            |    18 |    33 ||    51
       Deflected         |       |     2 ||     2
